 Dungeon Crawl Stone Soup version 0.27-a0-797-g27d10ad80f (webtiles) character file.

Game seed: 3936802212422056489

22 polve the Skirmisher (level 2, -1/24 HPs)
             Began as a Demonspawn Abyssal Knight on Mar 27, 2021.
             Was a Follower of Lugonu.
             Slain by a kobold
             ... wielding a +0 club
              (2 damage)
             ... on level 1 of the Dungeon.
             The game lasted 00:01:20 (1348 turns).

polve the Skirmisher (Demonspawn Abyssal Knight)    Turns: 1348, Time: 00:01:21

Health: -1/24      AC:  3    Str: 12    XL:     2   Next: 68%
Magic:  3/3        EV: 11    Int: 13    God:    Lugonu [*.....]
Gold:   31         SH:  0    Dex: 12    Spells: 1/1 levels left

rFire    . . .     SeeInvis .   a - +1 falchion
rCold    . . .     Faith    .   (no shield)
rNeg     . . .     Spirit   .   b - +0 leather armour
rPois    .         Reflect  .   (helmet restricted)
rElec    .         Harm     .   (no cloak)
rCorr    .         Rampage  .   (no gloves)
Will     .....                  (no boots)
Stlth    +.........             (no amulet)
HPRegen  0.08/turn              (no ring)
MPRegen  0.08/turn              (no ring)

@: no status effects
A: horns 1
a: Renounce Religion, Depart the Abyss


You were on level 1 of the Dungeon.
You worshipped Lugonu.
Lugonu was aware of your devotion.
You visited 1 branch of the dungeon, and saw 1 of its levels.
You visited the Abyss 1 time.

You collected 31 gold pieces.

Inventory:

Hand Weapons
 a - a +1 falchion (weapon)
Armour
 b - a +0 leather armour (worn)
Scrolls
 c - 2 scrolls of blinking


   Skills:
 - Level 3.0 Fighting
 + Level 3.0 Long Blades
 - Level 1.7 Armour
 - Level 0.8 Dodging
 - Level 2.4 Invocations


You had one spell level left.
You didn't know any spells.
Your spell library contained the following spells:

 Spells                   Type           Power      Damage    Failure   Level
 Animate Skeleton         Necr           0%         N/A       36%         1
 Apportation              Tloc           0%         N/A       36%         1
 Corona                   Hex            0%         N/A       36%         1
 Summon Small Mammal      Summ           0%         N/A       36%         1


Dungeon Overview and Level Annotations

Branches:
Dungeon (1/15)

Altars:


Innate Abilities, Weirdness & Mutations

You have a pair of small horns on your head.


Message History

Found a stone staircase leading down.
The rat closely misses you. The rat bites you but does no damage.
The rat bites you.
The kobold throws a stone.
The stone barely misses you.
The rat twitches its whiskers.
The rat bites you.
The kobold throws a stone.
The stone closely misses you. The rat misses you.
You riposte.
You hit the rat.
You kill the rat!
Lugonu accepts your kill. The kobold closely misses you.
The kobold hits you with a +0 club. The kobold hits you with a +0 club.
The kobold hits you but does no damage. The kobold hits you with a +0 club.
The kobold hits you with a +0 club. The kobold misses you.
The kobold closely misses you. The kobold closely misses you.
The kobold hits you with a +0 club. The kobold hits you with a +0 club.
The kobold hits you with a +0 club. The kobold closely misses you.
The kobold barely misses you.
You riposte.
You hit the kobold.
The kobold is moderately wounded.
The kobold hits you with a +0 club.
* * * LOW HITPOINT WARNING * * *
The kobold hits you with a +0 club.
* * * LOW HITPOINT WARNING * * *
The kobold closely misses you. The kobold closely misses you.
The kobold hits you with a +0 club.
* * * LOW HITPOINT WARNING * * *
The kobold barely misses you. The kobold hits you with a +0 club.
* * * LOW HITPOINT WARNING * * *
The kobold barely misses you. The kobold hits you with a +0 club.
You die...

#.#.# #.#.#
#.#.# #.#.#
#.#.#
##.####.#.#
K.........#
...####K####
#.@..#
...>......#
#.######..#
..# ..# ..#
..# .##


You could see a kobold.

Vanquished Creatures
  A ball python (D:1)
  2 endoplasms (D:1)
  A giant cockroach (D:1)
  2 goblins (D:1)
  2 hobgoblins (D:1)
  2 bats (D:1)
  A frilled lizard (D:1)
  4 kobolds (D:1)
  6 rats (D:1)
21 creatures vanquished.

Notes
Turn   | Place    | Note
-------+----------+-------------------------------------------
     0 | Abyss:1  | polve the Demonspawn Abyssal Knight began the quest for the
                  | Orb.
     0 | Abyss:1  | Reached XP level 1. HP: 18/18 MP: 2/2
   179 | Abyss:1  | Noticed a large abomination
   190 | Abyss:1  | Noticed an ancient zyme
   262 | Abyss:1  | Noticed a large abomination
   268 | D:1      | Escaped the Abyss
   750 | D:1      | Gained mutation: You have a pair of small horns on your
                  | head. [demonic ancestry]
   750 | D:1      | Reached XP level 2. HP: 13/24 MP: 3/3
   768 | D:1      | Reached * piety under Lugonu
  1346 | D:1      | HP: 1/24 [kobold/+0 club (3)]
  1348 | D:1      | Slain by a kobold

Illustrated notes

Levels and vault maps discovered:
D:1:      dpeg_arrival_water_temple_mockup, layout_loops_ring,
          hangedman_decor_lopped, minmay_heptomino_o4

Skill      XL: |  1  2 |
---------------+-------+-----
Long Blades    | 2 3 |  3.0
Fighting       | |  3.0
Armour         | |  1.7
Dodging        | |  0.8
Invocations    | |  2.4

Action                   || total
-------------------------++-------
Melee: Falchion          ||    45
       Headbutt          ||     5
Invok: Depart the Abyss  ||     1
  Use: Scroll            ||     4
       Potion            ||     2
Armor: Leather armour    ||    10
Dodge: Dodged            ||    43
       Rpst.: Falchion   ||     7

Table legend: (Time is in decaauts)
 A = Elapsed time spent in this place.
 B = Non-inter-level travel time spent in this place.
 C = Inter-level travel time spent in this place.
 D = Time resting spent in this place.
 E = Time spent auto-exploring this place.
 F = Levels seen in this place.
 G = Mean time per level.
                   A        B        C        D        E       F      G
               +--------+--------+--------+--------+--------+-----+--------+
         Total |   1356 |   1356 |      0 |      0 |   1102 |   2 |  678.0 |
       Dungeon |   1088 |   1088 |      0 |      0 |    925 |   1 | 1088.0 |
         Abyss |    268 |    268 |      0 |      0 |    177 |   1 |  268.0 |
               +--------+--------+--------+--------+--------+-----+--------+

Top non-repeatable levels by time:
     D:1: 1088 daAuts
 Abyss:1: 268 daAuts
